Workbook

Sheet Planilha1
A1: Item | B1: Descrição do Bem ou Serviço | C1: Métrica | D1: Quantidade | E1: Custo Unitário | F1: Custo Total
A2: 1 | B2: Serviço de Produção de Soluções | C2: Mensal | D2: 54 | E2: 973493.05 | F2: 52568625
A3: 2 | B3: Serviços de Desenvolvimento, Manutenção de Software e de Extração de Dados | C3: Ponto de Função | D3: 48000 | E3: 2084.54 | F3: =D3*E3 -> 100057920
A4: 3 | B4: Serviços de Informação | C4: Unidade | D4: 54 | E4: 47147.17 | F4: =D4*E4 -> 2545947.2
A5: 5 | B5: Serviços de Infraestrutura | C5: Mensal | D5: 54 | E5: 23808.66 | F5: =D5*E5 -> 1285667.6
A6: 6 | B6: Serviços de Consultoria | C6: Horas | D6: 9000 | E6: 433.97 | F6: =D6*E6 -> 3905730
A7: 7 | B7: Outros Serviços | C7: PTA | D7: 54 | E7: 1302704.9 | F7: =D7*E7 -> 70346064
F8: =SUM(F2:F7) -> 2.3070995e+08

Sheet Comparativo TCO
A1: Cenário | B1: Estimativa de TCO ao longo dos anos | E1: Total | F1: Percentual
B2: 1 | C2: 2 | D2: 3
A3: Solução 3 | B3: ='Solução 3 - TCO'!C7 -> 5.1423892e+08 | C3: ='Solução 3 - TCO'!D7 -> 5.2276709e+08 | D3: ='Solução 3 - TCO'!E7 -> 5.3144326e+08 | E3: =SUM(B3:D3) -> 1.5684493e+09 | F3: =E4/E3 -> 0.56557006
A4: Solução 4 | B4: ='Solução 4 - TCO'!C7 -> 2.9084074e+08 | C4: ='Solução 4 - TCO'!D7 -> 2.956605e+08 | D4: ='Solução 4 - TCO'!E7 -> 3.0056671e+08 | E4: =SUM(B4:D4) -> 8.8706795e+08 | F4: =E5/E4 -> 0
B7: =B4/2 -> 1.4542037e+08 | C7: =C4/2 -> 1.4783025e+08 | D7: =D4/2 -> 1.5028335e+08
A8: Ano 1
A9: Ano 2 | B9: 1.4543804e+08 | C9: 1.4784793e+08 | D9: =B9+C9 -> 2.9328597e+08
A10: Ano 3 | B10: 1.4784793e+08 | C10: 1.5030103e+08 | D10: =B10+C10 -> 2.9814895e+08
A11: Ano 4

Sheet Solução 3 - TCO
A1: ELEMENTO DE CUSTO | B1: DESCRIÇÃO | C1: ANO 1 | D1: ANO 2 | E1: ANO 3
A2: CUSTOS DA SOLUÇÃO | B2: - | C2: {='Solução 3 - Cust. Solução'!F7:F7/3} -> 5.1412654e+08 | D2: =C2+C5 -> 5.1412654e+08 | E2: =D2+D5 -> 5.2266104e+08
A3: CUSTOS ADMINISTRATIVOS | B3: PCTI | C3: 6328.81 | D3: 0 | E3: 0
B4: GCTI | C4: =35349.6*3 -> 106048.8 | D4: =C4 -> 106048.8 | E4: =D4 -> 106048.8
A5: ICTI | B5: 0.0166 | C5: 0 | D5: =$B$5*D2 -> 8534500.6 | E5: =$B$5*E2 -> 8676173.3
A6: RECURSOS MATERIAIS | B6: - | C6: 0 | D6: 0 | E6: 0
A7: SUBTOTAL | C7: =SUM(C2:C6) -> 5.1423892e+08 | D7: =SUM(D2:D6) -> 5.2276709e+08 | E7: =SUM(E2:E6) -> 5.3144326e+08
A8: TOTAL | C8: =SUM(C7:E7) -> 1.5684493e+09

Sheet Solução 4 - TCO
A1: ELEMENTO DE CUSTO | B1: DESCRIÇÃO | C1: ANO 1 | D1: ANO 2 | E1: ANO 3
A2: CUSTOS DA SOLUÇÃO | B2: - | C2: ='Solução 4 - Cust. Solução'!F7/3 -> 2.9072836e+08 | D2: =C2+C5 -> 2.9072836e+08 | E2: =D2+D5 -> 2.9555445e+08
A3: CUSTOS ADMINISTRATIVOS | B3: PCTI | C3: 6328.81 | D3: 0 | E3: 0
B4: GCTI | C4: =35349.6*3 -> 106048.8 | D4: =C4 -> 106048.8 | E4: =D4 -> 106048.8
A5: ICTI | B5: 0.0166 | C5: 0 | D5: =$B$5*D2 -> 4826090.8 | E5: =$B$5*E2 -> 4906203.9
A6: RECURSOS MATERIAIS | B6: - | C6: 0 | D6: 0 | E6: 0
A7: SUBTOTAL | C7: =SUM(C2:C6) -> 2.9084074e+08 | D7: =SUM(D2:D6) -> 2.956605e+08 | E7: =SUM(E2:E6) -> 3.0056671e+08
A8: TOTAL | C8: =SUM(C7:E7) -> 8.8706795e+08

Sheet Solução 3 - Cust. Solução
A1: Item | B1: Descrição do Bem ou Serviço | C1: Métrica | D1: Quantidade | E1: Custo Unitário | F1: Custo Total
A2: 1 | B2: Serviço de Produção de Soluções | C2: Mensal | D2: ='Solução 4 - Cust. Solução'!D2 -> 54 | E2: ='Produções CT 65-2021'!B134 -> 973493.05 | F2: =D2*26*E2 -> 1.3667842e+09
A3: 2 | B3: Serviços de Desenvolvimento, Manutenção de Software e de Extração de Dados | C3: Ponto de Função | D3: ='Solução 4 - Cust. Solução'!D3 -> 48000 | E3: ='Contrato 65-2021'!E3 -> 2084.54 | F3: =D3*E3 -> 100057920
A4: 5 | B4: Serviços de Infraestrutura | C4: Mensal | D4: ='Solução 4 - Cust. Solução'!D4 -> 54 | E4: ='Serv. Intraestrut CT 65-202'!B106 -> 23808.66 | F4: =D4*E4 -> 1285667.6
A5: 6 | B5: Serviços de Consultoria | C5: Horas | D5: ='Solução 4 - Cust. Solução'!D5 -> 9000 | E5: ='Contrato 65-2021'!E6 -> 433.97 | F5: =D5*E5 -> 3905730
A6: 7 | B6: Outros Serviços | C6: Unidade | D6: ='Solução 4 - Cust. Solução'!D6 -> 54 | E6: ='Outros Serviços CT 65-202'!B39 -> 1302704.9 | F6: =D6*E6 -> 70346064
A7: TOTAL | F7: =SUM(F2:F6) -> 1.5423796e+09

Sheet Solução 4 - Cust. Solução
A1: Item | B1: Descrição do Bem ou Serviço | C1: Métrica | D1: Quantidade Total | E1: Custo Unitário | F1: Custo Total
A2: 1 | B2: Serviço de Produção de Soluções | C2: Unidade | D2: 54 | E2: ='Produções CT 17-2021'!B64 -> 537821.5 | F2: =D2*26*E2 -> 755101386
A3: 2 | B3: Serviços de Desenvolvimento, Manutenção de Software e de Extração de Dados | C3: Ponto de Função | D3: 48000 | E3: 1994.19 | F3: =D3*E3 -> 95721120
A4: 4 | B4: Serviços de Infraestrutura | C4: Unidade | D4: 54 | E4: ='Contrato 17-2021'!E5 -> 49351.69 | F4: =D4*E4 -> 2664991.3
A5: 5 | B5: Serviços de Consultoria | C5: Horas | D5: =9000 -> 9000 | E5: 577.51 | F5: =D5*E5 -> 5197590
A6: 6 | B6: Outros Serviços | C6: Unidade | D6: 54 | E6: ='Contrato 17-2021'!E7 -> 250000 | F6: =D6*E6 -> 13500000
A7: TOTAL | F7: =SUM(F2:F6) -> 8.7218509e+08

Sheet Contrato 17-2021
A1: Item | B1: Descrição do Bem ou Serviço | C1: Métrica | D1: Quantidade | E1: Custo Unitário | F1: Custo Total
A2: 1 | B2: Serviço de Produção de Soluções | C2: Mensal | D2: 24 | E2: 21099504 | F2: 4.8081067e+08
A3: 2 | B3: Serviços de Desenvolvimento, Manutenção de Software e de Extração de Dados | C3: Ponto de Função | D3: 31000 | E3: 1335.91 | F3: 41413210
A4: 3 | B4: Serviços de Informação | C4: Unidade | D4: 4 | E4: 6524.99 | F4: 26099.94
A5: 5 | B5: Serviços de Infraestrutura | C5: Mensal | D5: 24 | E5: 49351.69 | F5: 1184440.6
A6: 6 | B6: Serviços de Consultoria | C6: Horas | D6: 1500 | E6: 367.01 | F6: 550515
A7: 7 | B7: Outros Serviços | C7: PTA | D7: 24 | E7: 250000 | F7: 6000000
A8: TOTAL | F8: =SUM(F2:F7) -> 5.2998494e+08
F10: =E2*D2 -> 5.063881e+08
A11: Processo 12804.100229/2020-29

Sheet Produções CT 17-2021
A1: Descrição dos Serviços | B1: Tipo de Serviço | C1: Métrica | D1: Valor Unitário | E1: Quantidade Mensal | F1: Valor Mensal | G1: Quantidade Total | H1: Valor Total
A2: SD - Seguro Desemprego – Transacional | B2: Mensalidade | C2: Franquia de Parcelas Emitidas | D2: 0.83 | E2: 3500000 | F2: 2905000 | G2: 84000000 | H2: 69720000
A3: ASPP - Sistema de Abono Salarial - Transacional | B3: Disponibilidade Mensal | C3: Mensalidade | D3: 1844788.1 | E3: 1 | F3: 1844788.1 | G3: 24 | H3: 44274916
A4: IMO – Transacional | B4: Disponibilidade Mensal | C4: Mensalidade | D4: 1649045.2 | E4: 1 | F4: 1649045.2 | G4: 24 | H4: 39577085
A5: CAGED – Transacional | B5: Mensalidade | C5: Franquia de Registros Processados | D5: 0.15 | E5: 4000000 | F5: 600000 | G5: 96000000 | H5: 14400000
A6: BGeTrab – Base de Gestão do eSocial - Trabalho | B6: Disponibilidade Mensal | C6: Mensalidade | D6: 640813.35 | E6: 1 | F6: 640813.35 | G6: 24 | H6: 15379520
A7: SD - Seguro Desemprego – Base de Gestão | B7: Disponibilidade Mensal | C7: Mensalidade | D7: 563290.73 | E7: 1 | F7: 563290.73 | G7: 24 | H7: 13518978
A8: Plataforma BEM - Transacional (franquia) | B8: Mensalidade | C8: Franquia | D8: 1143383.2 | E8: 1200000 | F8: 1143383.2 | G8: 14400000 | H8: 13720599
A9: Plataforma BEM - Transacional (sob demanda) | B9: Sob Demanda | C9: Transações | D9: 0.74 | E9: 6800000 | F9: 5032000 | G9: 27200000 | H9: 20128000
A10: Portal Emprega Brasil | B10: Disponibilidade Mensal | C10: Mensalidade | D10: 903124.94 | E10: 1 | F10: 903124.94 | G10: 24 | H10: 21674999
A11: CADPREV | B11: Disponibilidade Mensal | C11: Mensalidade | D11: 49256.54 | E11: 1 | F11: 49256.54 | G11: 24 | H11: 1182157
A12: Carteira de Trabalho | B12: Disponibilidade Mensal | C12: Mensalidade | D12: 465927.72 | E12: 1 | F12: 465927.72 | G12: 24 | H12: 11182265
A13: PROGER – Base de Gestão | B13: Disponibilidade Mensal | C13: Mensalidade | D13: 513791.23 | E13: 1 | F13: 513791.23 | G13: 24 | H13: 12330990
... A37: Serviços Especiais da Plataforma Previdência | B37: Disponibilidade Mensal | C37: Mensalidade | D37: 2541785.6 | E37: 1 | F37: 2541785.6 | G37: 24 | H37: 61002854
A39: Média | B39: =AVERAGE(D3,D4,D6,D7,D10,D11,D12,D13,D14,D15,D16,D17,D18,D19,D20,D21,D22,D23,D24,D25,D26,D27,D28,D29,D30,D31,D32,D33,D34,D35,D36,D37) -> 487889.19
A40: Desvio Padrão | B40: =_xlfn.STDEV.S(D3,D4,D6,D7,D10,D11,D12,D13,D14,D15,D16,D17,D18,D19,D20,D21,D22,D23,D24,D25,D26,D27,D28,D29,D30,D31,D32,D33,D34,D35,D36,D37) -> 679076.43
A41: Coeficiente de Variação | B41: =(B40/B39) -> 1.3918661 | C41: Coeficiente maior que 25%, amostra heterogênea
A42: Limite Superior | B42: =B39+B40 -> 1166965.6
A43: Limite Inferior | B43: =B40-B39 -> 191187.24
A45: Média após o primeiro saneamento | B45: =AVERAGE(D4,D6,D7,D8,D10,D11,D12,D13,D15,D17,D19,D20,D21,D23) -> 623241.14
A46: Desvio Padrão | B46: =_xlfn.STDEV.S(D4,D6,D7,D8,D10,D11,D12,D13,D15,D17,D19,D20,D21,D23) -> 389008.14
A47: Coeficiente de Variação | B47: =(B46/B45) -> 0.62416954 | C47: Coeficiente maior que 25%, amostra heterogênea
A48: Limite Superior | B48: =B45+B46 -> 1012249.3
A49: Limite Inferior | B49: =B45-B46 -> 234233
A51: Média após o segundo saneamento | B51: =AVERAGE(D6,D7,D10,D12,D13,D15,D17,D19,D20,D23) -> 548752.55
A52: Desvio Padrão | B52: =_xlfn.STDEV.S(D6,D7,D10,D12,D13,D15,D17,D19,D20,D23) -> 151996.48
A53: Coeficiente de Variação | B53: =(B52/B51) -> 0.27698546 | C53: Coeficiente maior que 25%, amostra heterogênea
A54: Limite Superior | B54: =B51+B52 -> 700749.02
A55: Limite Inferior | B55: =B51-B52 -> 396756.07
A57: Média após o terceiro saneamento | B57: =AVERAGE(D6,D7,D12,D13,D19,D20,D23) -> 537821.5
A58: Desvio Padrão | B58: =_xlfn.STDEV.S(D6,D7,D12,D13,D19,D20,D23) -> 54759.754
A59: Coeficiente de Variação | B59: =(B58/B57) -> 0.10181771 | C59: Coeficiente menor que 25%, amostra homogênea
A60: Limite Superior | B60: -
A61: Limite Inferior | B61: -
A63: Métrica | B63: Custo Unitário Média
A64: Mensalidade | B64: =B57 -> 537821.5
A65: Franquia de parcelas emitidas | B65: =D2 -> 0.83
A66: Franquia de Registros Processados | B66: =D5 -> 0.15
A67: Franquia | B67: =D8 -> 1143383.2
A68: Transações | B68: =D9 -> 0.74

Sheet Contrato 65-2021
A1: Item | B1: Descrição do Bem ou Serviço | C1: Métrica | D1: Quantidade | E1: Custo Unitário | F1: Custo Total
A2: 1 | B2: Serviço de Produção de Soluções | C2: Mensal | D2: 24 | E2: 21099504 | F2: 8.7924871e+08
A3: 2 | B3: Serviços de Desenvolvimento, Manutenção de Software e de Extração de Dados | C3: Ponto de Função | D3: 104640 | E3: =F3/D3 -> 2084.54 | F3: 2.1812627e+08
A4: 3 | B4: Serviços de Informação | C4: Unidade | D4: 45 | E4: =F4/D4 -> 1289559.9 | F4: 58030194
A5: 5 | B5: Serviços de Infraestrutura | C5: Mensal | D5: 24 | E5: =F5/D5 -> 2165129.6 | F5: 51963111
A6: 6 | B6: Serviços de Consultoria | C6: Horas | D6: 13968 | E6: =F6/D6 -> 433.97 | F6: 6061693
A7: 7 | B7: Outros Serviços | C7: PTA | D7: 26 | E7: =F7/D7 -> 1302704.9 | F7: 33870327
A8: TOTAL | F8: =SUM(F2:F7) -> 1.2473003e+09
A11: Processo 12804.100432/2021-86

Sheet Produções CT 65-2021
A1: Descrição | B1: Periodicidade | C1: Unidade de Medida | D1: Valor Unitário | E1: Quantidade Mensal Estimada | F1: Valor Mensal | G1: Quantidade Total Estimada | H1: Valor Total
A2: Sítio do CONFAZ | B2: Mensal | C2: Fixo | D2: 6195.79 | E2: 1 | F2: =E2*D2 -> 6195.79 | G2: 24 | H2: =G2*F2 -> 148698.96
A3: Sistema de Controle de Promoções Comerciais - SCPC | B3: Mensal | C3: Fixo | D3: 38270.16 | E3: 1 | F3: =E3*D3 -> 38270.16 | G3: 24 | H3: =ROUND((G3*F3),2) -> 918483.84
A4: Sistema Integrado de Gabinete - SIGABWEB | B4: Mensal | C4: Fixo | D4: 7831.53 | E4: 1 | F4: =E4*D4 -> 7831.53 | G4: 24 | H4: =ROUND((G4*F4),2) -> 187956.72
A5: Sistema de Gestão de Documentos - COMPROTDOCWEB | B5: Mensal | C5: Fixo | D5: 70878.36 | E5: 1 | F5: =E5*D5 -> 70878.36 | G5: 24 | H5: =ROUND((G5*F5),2) -> 1701080.6
A6: Sistema de Ouvidoria da Secretaria Especial da Fazenda - SISOUVIDOR | B6: Mensal | C6: Fixo | D6: 64333.96 | E6: 1 | F6: =E6*D6 -> 64333.96 | G6: 24 | H6: =ROUND((G6*F6),2) -> 1544015
A7: Sítio CARF Internet | B7: Mensal | C7: Fixo | D7: 3579.5 | E7: 1 | F7: =E7*D7 -> 3579.5 | G7: 24 | H7: =ROUND((G7*D7),2) -> 85908
A8: Base de Processos CARF - SINCON | B8: Mensal | C8: Fixo | D8: 291761.43 | E8: 1 | F8: =E8*D8 -> 291761.43 | G8: 24 | H8: =ROUND((G8*F8),2) -> 7002274.3
A9: Sistema Integrado de Bibliotecas - PERGAMUM | B9: Mensal | C9: Fixo | D9: 9500.94 | E9: 1 | F9: =E9*D9 -> 9500.94 | G9: 24 | H9: =ROUND((G9*F9),2) -> 228022.56
A10: Sistema de Elaboração, Execução e Monitoramento de Projetos - SEEMP | B10: Mensal | C10: Fixo | D10: 62667.81 | E10: 1 | F10: =E10*D10 -> 62667.81 | G10: 24 | H10: =ROUND((G10*F10),2) -> 1504027.4
A11: Sistema de Gestão de Servidores Cedidos e Requisitados - SIREQ | B11: Mensal | C11: Fixo | D11: 11916.34 | E11: 1 | F11: =E11*D11 -> 11916.34 | G11: 12 | H11: =G11*F11 -> 142996.08
A12: Sistema Resenha Eletrônica - RESENHA | B12: Mensal | C12: Fixo | D12: 10368 | E12: 1 | F12: =E12*D12 -> 10368 | G12: 24 | H12: =ROUND((G12*F12),2) -> 248832
A13: Sistema de Comunicação e Protocolo - COMPROT | B13: Mensal | C13: Fixo | D13: 111560.74 | E13: 1 | F13: =E13*D13 -> 111560.74 | G13: 24 | H13: =ROUND((G13*F13),2) -> 2677457.8
A14: CARF - Sítio CARF Intranet | B14: Mensal | C14: Fixo | D14: 49008.81 | E14: 1 | F14: =E14*D14 -> 49008.81 | G14: 24 | H14: =ROUND((G14*F14),2) -> 1176211.4
A15: CARF - VER Acórdãos | B15: Mensal | C15: Fixo | D15: 43108.12 | E15: 1 | F15: =E15*D15 -> 43108.12 | G15: 24 | H15: =ROUND((G15*F15),2) -> 1034594.9
A16: Agenda | B16: Mensal | C16: Fixo | D16: 37038.4 | E16: 1 | F16: =E16*D16 -> 37038.4 | G16: 12 | H16: =ROUND((G16*F16),2) -> 444460.8
A17: SIMBA | B17: Mensal | C17: Fixo | D17: 51093.09 | E17: 1 | F17: =E17*D17 -> 51093.09 | G17: 12 | H17: =ROUND((G17*F17),2) -> 613117.08
A18: CARF - CRIO | B18: Mensal | C18: Fixo | D18: 119936.37 | E18: 1 | F18: =D18*E18 -> 119936.37 | G18: 12 | H18: =ROUND((G18*F18),2) -> 1439236.4
A19: b-Cadastros - Ambiente Peer MGI | B19: Mensal | C19: Fixo | D19: 62249.12 | E19: 1 | F19: =D19*E19 -> 62249.12 | G19: 12 | H19: =ROUND((G19*F19),2) -> 746989.44
A20: Drawback Suspensão | B20: Mensal | C20: Fixo | D20: 38459.71 | E20: 1 | F20: =D20*E20 -> 38459.71 | G20: 24 | H20: =ROUND((G20*F20),2) -> 923033.04
A21: Drawback Integrado | B21: Mensal | C21: Fixo | D21: 843975.33 | E21: 1 | F21: =D21*E21 -> 843975.33 | G21: 24 | H21: =ROUND((G21*F21),2) -> 20255408
A22: Módulo Anuência LI | B22: Mensal | C22: Fixo | D22: 2773.35 | E22: 1 | F22: =D22*E22 -> 2773.35 | G22: 24 | H22: =ROUND((G22*F22),2) -> 66560.4
A23: Anuentes Web - SISCOMEX Importação Anuente | B23: Mensal | C23: Fixo | D23: 946116.29 | E23: 1 | F23: =D23*E23 -> 946116.29 | G23: 24 | H23: =ROUND((G23*F23),2) -> 22706791
A24: Tratamento Administrativo | B24: Mensal | C24: Fixo | D24: 313631.16 | E24: 1 | F24: =D24*E24 -> 313631.16 | G24: 24 | H24: =ROUND((G24*F24),2) -> 7527147.8
A25: Drawback Isenção (DBI) | B25: Mensal | C25: Fixo | D25: 1379716.6 | E25: 1 | F25: =D25*E25 -> 1379716.6 | G25: 24 | H25: =ROUND((G25*F25),2) -> 33113199
A26: NOVOEX - MDIC - Siscomex Exportação Web Módulo Comercial | B26: Mensal | C26: Fixo | D26: 470042.57 | E26: 1 | F26: =D26*E26 -> 470042.57 | G26: 24 | H26: =ROUND((G26*F26),2) -> 11281022
A27: CA-SECEX - Inspeção Física dos Anuentes | B27: Mensal | C27: Fixo | D27: 68424.85 | E27: 1 | F27: =D27*E27 -> 68424.85 | G27: 14 | H27: =ROUND((G27*F27),2) -> 957947.9
A28: GR-SECEX - Gerenciamento de Risco dos Anuentes | B28: Mensal | C28: Fixo | D28: 45993.09 | E28: 1 | F28: =D28*E28 -> 45993.09 | G28: 14 | H28: =ROUND((G28*F28),2) -> 643903.26
A29: VICOMEX - Visão Integrada de Comércio Exterior | B29: Mensal | C29: Fixo | D29: 152749.17 | E29: 1 | F29: =D29*E29 -> 152749.17 | G29: 12 | H29: =ROUND((G29*F29),2) -> 1832990
... A46: Solução Pentaho | B46: Mensal | C46: Fixo | D46: 11805.95 | E46: 1 | F46: =D46*E46 -> 11805.95 | G46: 24 | H46: =ROUND((G46*F46),2) -> 283342.8
A47: Solução Pentaho | B47: Mensal | C47: Unidade Disponibilizada | D47: 10775.88 | E47: 7 | F47: =D47*E47 -> 75431.16 | G47: 24 | H47: =ROUND((F47*G47),2) -> 1810347.8
A48: eSocial - Ambiente Web | B48: Mensal | C48: Fixo | D48: 8349718.5 | E48: 1 | F48: =D48*E48 -> 8349718.5 | G48: 24 | H48: =ROUND((G48*F48),2) -> 2.0039324e+08
A49: eSocial - Ambiente Web Service | B49: Mensal | C49: Fixo | D49: 2457827.5 | E49: 1 | F49: =D49*E49 -> 2457827.5 | G49: 24 | H49: =ROUND((G49*F49),2) -> 58987860
A50: eSocial - Portal IDG | B50: Mensal | C50: Fixo | D50: 110361.99 | E50: 1 | F50: =D50*E50 -> 110361.99 | G50: 16 | H50: =ROUND((G50*F50),2) -> 1765791.8
A51: eSocial - Download | B51: Mensal | C51: Fixo | D51: 1092931.5 | E51: 1 | F51: =D51*E51 -> 1092931.5 | G51: 24 | H51: =ROUND((G51*F51),2) -> 26230355
A52: eSocial - Produção Restrita | B52: Mensal | C52: Fixo | D52: 1334163.1 | E52: 1 | F52: =D52*E52 -> 1334163.1 | G52: 24 | H52: =ROUND((G52*F52),2) -> 32019915
A53: b-Cadastros - Ambiente Peer MTE | B53: Mensal | C53: Fixo | D53: 42353.93 | E53: 1 | F53: =D53*E53 -> 42353.93 | G53: 12 | H53: =ROUND((G53*F53),2) -> 508247.16
A54: Sistema Domicílio Eletronico Trabalhista - DET | B54: Mensal | C54: Fixo | D54: 168878.26 | E54: 1 | F54: =D54*E54 -> 168878.26 | G54: 12 | H54: =ROUND((G54*F54),2) -> 2026539.1
A55: RAIS Recepção de Declaração | B55: Mensal | C55: Fixo | D55: 459045.46 | E55: 1 | F55: =D55*E55 -> 459045.46 | G55: 24 | H55: =ROUND((G55*F55),2) -> 11017091
A56: RAIS Anteriores - Disponibilização Base de Dados Batch | B56: Mensal | C56: Fixo | D56: 33361.68 | E56: 1 | F56: =D56*E56 -> 33361.68 | G56: 24 | H56: =ROUND((G56*F56),2) -> 800680.32
A57: RAIS Online - Disponibilização Base de Dados Online | B57: Mensal | C57: Fixo | D57: 26620.26 | E57: 1 | F57: =D57*E57 -> 26620.26 | G57: 24 | H57: =ROUND((G57*F57),2) -> 638886.24
A58: COMPRASGOV | B58: Mensal | C58: Fixo | D58: 1125446.3 | E58: 1 | F58: =E58*D58 -> 1125446.3 | G58: 24 | H58: =ROUND((G58*F58),2) -> 27010712
A59: SIASGNET | B59: Mensal | C59: Fixo | D59: 402252.07 | E59: 1 | F59: =D59*E59 -> 402252.07 | G59: 24 | H59: =ROUND((G59*F59),2) -> 9654049.7
A60: SCDP | B60: Mensal | C60: Fixo | D60: 329985.22 | E60: 1 | F60: =D60*E60 -> 329985.22 | G60: 24 | H60: =ROUND((G60*F60),2) -> 7919645.3
A61: PLATAFORMA MAIS BRASIL | B61: Mensal | C61: Fixo | D61: 1042056.9 | E61: 1 | F61: =D61*E61 -> 1042056.9 | G61: 24 | H61: =ROUND((G61*F61),2) -> 25009366
A62: SIORG | B62: Mensal | C62: Fixo | D62: 78881.4 | E62: 1 | F62: =D62*E62 -> 78881.4 | G62: 24 | H62: =ROUND((G62*F62),2) -> 1893153.6
A63: SIASG | B63: Mensal | C63: Fixo | D63: 67939.8 | E63: 1 | F63: =D63*E63 -> 67939.8 | G63: 24 | H63: =ROUND((G63*F63),2) -> 1630555.2
A64: SIADS / REUSE - Estruturante | B64: Mensal | C64: Fixo | D64: 350347.31 | E64: 1 | F64: =D64*E64 -> 350347.31 | G64: 24 | H64: =ROUND((G64*D64),2) -> 8408335.4
A65: SIADS / REUSE - Estruturante | B65: Mensal | C65: Órgãos Usuários | D65: 2306.78 | E65: 38 | F65: =D65*E65 -> 87657.64 | G65: 24 | H65: =ROUND((G65*F65),2) -> 2103783.4
A66: DW SIASG | B66: Mensal | C66: Fixo | D66: 806454.8 | E66: 1 | F66: =D66*E66 -> 806454.8 | G66: 24 | H66: =ROUND((G66*F66),2) -> 19354915
A67: CIPI | B67: Mensal | C67: Fixo | D67: 43521.25 | E67: 1 | F67: =D67*E67 -> 43521.25 | G67: 24 | H67: =ROUND((G67*F67),2) -> 1044510
A68: CIPI - Desenvolvimento Externo | B68: Mensal | C68: Fixo | D68: 56967.29 | E68: 1 | F68: =D68*E68 -> 56967.29 | G68: 24 | H68: =ROUND((G68*F68),2) -> 1367215
A69: Comprasgov - Contratos | B69: Mensal | C69: Fixo | D69: 148076.05 | E69: 1 | F69: =D69*E69 -> 148076.05 | G69: 24 | H69: =ROUND((G69*F69),2) -> 3553825.2
A70: Comprasgov - Fase Interna | B70: Mensal | C70: Fixo | D70: 55724.07 | E70: 1 | F70: =D70*E70 -> 55724.07 | G70: 24 | H70: =ROUND((G70*F70),2) -> 1337377.7
A71: PNCP - Portal Nacional de Contratações Públicas | B71: Mensal | C71: Fixo | D71: 301277.38 | E71: 1 | F71: =D71*E71 -> 301277.38 | G71: 24 | H71: =ROUND((G71*F71),2) -> 7230657.1
A72: Comprasgov - Catálogo | B72: Mensal | C72: Fixo | D72: 39001.83 | E72: 1 | F72: =D72*E72 -> 39001.83 | G72: 24 | H72: =ROUND((G72*F72),2) -> 936043.92
A73: Comprasgov - SICAF | B73: Mensal | C73: Fixo | D73: 270771.2 | E73: 1 | F73: =D73*E73 -> 270771.2 | G73: 24 | H73: =ROUND((G73*F73),2) -> 6498508.8
A74: SIGAC | B74: Mensal | C74: Fixo | D74: 387909.54 | E74: 1 | F74: =D74*E74 -> 387909.54 | G74: 24 | H74: =ROUND(G74*F74,2) -> 9309829
A75: WEBSERVICE SIAPE | B75: Mensal | C75: Fixo | D75: 2216.35 | E75: 1 | F75: =D75*E75 -> 2216.35 | G75: 24 | H75: =ROUND((G75*F75),2) -> 53192.4
A76: SIGEPE | B76: Mensal | C76: Fixo | D76: 2443698.4 | E76: 1 | F76: =D76*E76 -> 2443698.4 | G76: 24 | H76: =ROUND((G76*F76),2) -> 58648762
A77: SIAPENET | B77: Mensal | C77: Fixo | D77: 787362.48 | E77: 1 | F77: =D77*E77 -> 787362.48 | G77: 24 | H77: =ROUND((G77*F77),2) -> 18896700
A78: SIAPE SAÚDE - SIASS | B78: Mensal | C78: Fixo | D78: 114754.21 | E78: 1 | F78: =D78*E78 -> 114754.21 | G78: 24 | H78: =ROUND((G78*F78),2) -> 2754101
A79: SIAPE | B79: Mensal | C79: Fixo | D79: 1640930.7 | E79: 1 | F79: =D79*E79 -> 1640930.7 | G79: 24 | H79: =ROUND((G79*F79),2) -> 39382337
A80: SIAPE CADASTRO | B80: Mensal | C80: Fixo | D80: 1114834.3 | E80: 1 | F80: =D80*E80 -> 1114834.3 | G80: 24 | H80: =ROUND((G80*F80),2) -> 26756023
A81: SICAJ | B81: Mensal | C81: Fixo | D81: 604.16 | E81: 1 | F81: =D81*E81 -> 604.16 | G81: 24 | H81: =ROUND((G81*F81),2) -> 14499.84
A82: DW SIAPE | B82: Mensal | C82: Fixo | D82: 408491.16 | E82: 1 | F82: =D82*E82 -> 408491.16 | G82: 24 | H82: =ROUND((G82*F82),2) -> 9803787.8
A83: SIAPE – Qualificação de Dados | B83: Mensal | C83: Fixo | D83: 57105.25 | E83: 1 | F83: =D83*E83 -> 57105.25 | G83: 24 | H83: =ROUND((G83*F83),2) -> 1370526
A84: SIGEPE - Prova de vida | B84: Mensal | C84: Fixo | D84: 18906.74 | E84: 1 | F84: =D84*E84 -> 18906.74 | G84: 24 | H84: =ROUND((G84*F84),2) -> 453761.76
A85: SISREF - Geolocalização | B85: Mensal | C85: Fixo | D85: 11302.22 | E85: 1 | F85: =D85*E85 -> 11302.22 | G85: 24 | H85: =ROUND((G85*F85),2) -> 271253.28
A86: Integrador E-Social | B86: Mensal | C86: Fixo | D86: 38266.57 | E86: 1 | F86: =D86*E86 -> 38266.57 | G86: 24 | H86: =ROUND((G86*F86),2) -> 918397.68
... A89: Autoriza | B89: Mensal | C89: Fixo | D89: 32562.38 | E89: 1 | F89: =D89*E89 -> 32562.38 | G89: 24 | H89: =ROUND((G89*F89),2) -> 781497.12
A90: Portal GovBR | B90: Mensal | C90: Fixo | D90: 583623.27 | E90: 1 | F90: =E90*D90 -> 583623.27 | G90: 24 | H90: =ROUND((G90*F90),2) -> 14006958
A91: Portal GovBR | B91: Mensal | C91: Unidade | D91: 9792.73 | E91: 17 | F91: =D91*E91 -> 166476.41 | G91: 24 | H91: =ROUND((G91*F91),2) -> 3995433.8
A92: Portal GovBR | B92: Mensal | C92: Unidade | D92: 23059.63 | E92: 35 | F92: =D92*E92 -> 807087.05 | G92: 24 | H92: =ROUND((G92*F92),2) -> 19370089
A93: Portal GovBR | B93: Mensal | C93: Unidade | D93: 26674.87 | E93: 12 | F93: =D93*E93 -> 320098.44 | G93: 24 | H93: =ROUND((G93*F93),2) -> 7682362.6
A94: Portal GovBR | B94: Mensal | C94: Unidade | D94: 60863.56 | E94: 1 | F94: =D94*E94 -> 60863.56 | G94: 24 | H94: =ROUND((G94*F94),2) -> 1460725.4
A95: Portal GovBR | B95: Mensal | C95: Unidade | D95: 95906.8 | E95: 1 | F95: =D95*E95 -> 95906.8 | G95: 24 | H95: =ROUND((G95*F95),2) -> 2301763.2
A96: GOV.BR-API de Serviços | B96: Mensal | C96: Fixo | D96: 29969.54 | E96: 1 | F96: =D96*E96 -> 29969.54 | G96: 24 | H96: =ROUND((G96*D96),2) -> 719268.96
A97: GOV.BR-Plataforma de Avaliação | B97: Mensal | C97: Fixo | D97: 34369.95 | E97: 1 | F97: =D97*E97 -> 34369.95 | G97: 24 | H97: =ROUND((G97*D97),2) -> 824878.8
A98: GOV.BR-Motor de Recomendação GovBR | B98: Mensal | C98: Fixo | D98: 118885.97 | E98: 1 | F98: =D98*E98 -> 118885.97 | G98: 24 | H98: =ROUND((G98*D98),2) -> 2853263.3
A99: SIAPA | B99: Mensal | C99: Fixo | D99: 123539.27 | E99: 1 | F99: =D99*E99 -> 123539.27 | G99: 24 | H99: =ROUND((G99*D99),2) -> 2964942.5
A100: SPIUNET | B100: Mensal | C100: Fixo | D100: 29027.02 | E100: 1 | F100: =D100*E100 -> 29027.02 | G100: 24 | H100: =ROUND((G100*D100),2) -> 696648.48
A101: CIF | B101: Mensal | C101: Fixo | D101: 10604.72 | E101: 1 | F101: =D101*E101 -> 10604.72 | G101: 24 | H101: =ROUND((G101*D101),2) -> 254513.28
A102: DW SSD | B102: Mensal | C102: Fixo | D102: 318795.21 | E102: 1 | F102: =D102*E102 -> 318795.21 | G102: 24 | H102: =ROUND((G102*D102),2) -> 7651085
A103: CIDI | B103: Mensal | C103: Fixo | D103: 10432.97 | E103: 1 | F103: =D103*E103 -> 10432.97 | G103: 24 | H103: =ROUND((G103*D103),2) -> 250391.28
A104: SARP | B104: Mensal | C104: Fixo | D104: 10109.23 | E104: 1 | F104: =D104*E104 -> 10109.23 | G104: 24 | H104: =ROUND((G104*D104),2) -> 242621.52
A105: SISREI | B105: Mensal | C105: Fixo | D105: 10665.2 | E105: 1 | F105: =D105*E105 -> 10665.2 | G105: 24 | H105: =ROUND((G105*D105),2) -> 255964.8
A106: SPUNet | B106: Mensal | C106: Fixo | D106: 142036.57 | E106: 1 | F106: =D106*E106 -> 142036.57 | G106: 24 | H106: =ROUND((G106*D106),2) -> 3408877.7
A107: SPU+Geo | B107: Mensal | C107: Fixo | D107: 36444.02 | E107: 1 | F107: =D107*E107 -> 36444.02 | G107: 24 | H107: =ROUND((G107*D107),2) -> 874656.48
... A112: SPUnet - Desenvolvimento Externo | B112: Mensal | C112: Fixo | D112: 58658.01 | E112: 1 | F112: =D112*E112 -> 58658.01 | G112: 12 | H112: =ROUND((G112*D112),2) -> 703896.12
A115: Média | B115: =AVERAGE(D2,D3,D4,D5,D6,D7,D8,D9,D10,D11,D12,D13,D14,D15,D16,D17,D18,D19,D20,D21,D22,D23,D24,D25,D26,D27,D28,D29,D30,D31,D32,D33,D34,D35,D36,D37,D38,D39,D43,D44,D45,D46,D48,D49,D50,D51,D52,D53,D54,D55,D56,D57,D58,D59,D60,D61,D62,D63,D64,D66,D67,D68,D69,D70,D71,D72,D73,D74,D75,D76,D77,D78,D79,D80,D81,D82,D83,D84,D85,D86,D87,D88,D89,D90,D96,D97,D98,D99,D100,D101,D102,D103,D104,D105,D106,D107,D108,D109,D110,D111,D112) -> 361115.06
A116: Desvio Padrão | B116: =_xlfn.STDEV.S(D2,D3,D4,D5,D6,D7,D8,D9,D10,D11,D12,D13,D14,D15,D16,D17,D18,D19,D20,D21,D22,D23,D24,D25,D26,D27,D28,D29,D30,D31,D32,D33,D34,D35,D36,D37,D38,D39,D43,D44,D45,D46,D48,D49,D50,D51,D52,D53,D54,D55,D56,D57,D58,D59,D60,D61,D62,D63,D64,D66,D67,D68,D69,D70,D71,D72,D73,D74,D75,D76,D77,D78,D79,D80,D81,D82,D83,D84,D85,D86,D87,D88,D89,D90,D96,D97,D98,D99,D100,D101,D102,D103,D104,D105,D106,D107,D108,D109,D110,D111,D112) -> 930616.92
A117: Coeficiente de Variação | B117: =(B116/B115) -> 2.5770648 | C117: Coeficiente maior que 25%, amostra heterogênea
A118: Limite Superior | B118: =B115+B116 -> 1291732
A119: Limite Inferior | B119: =B116-B115 -> 569501.86
A121: Média após o primeiro saneamento | B121: =AVERAGE(D21,D23,D35,D51,D58,D61,D66,D80,D90,D79,D34) -> 996237.69
A122: Desvio Padrão | B122: =_xlfn.STDEV.S(D21,D23,D35,D51,D58,D61,D66,D80,D90,D79) -> 275881.43
A123: Coeficiente de Variação | B123: =(B122/B121) -> 0.2769233 | C123: Coeficiente maior que 25%, amostra heterogênea
A124: Limite Superior | B124: =B121+B122 -> 1272119.1
A125: Limite Inferior | B125: =B121-B122 -> 720356.26
...

Sheet Serv. Informações CT 65-2021
A1: Descrição | B1: Periodicidade | C1: Unidade de Medida | D1: Valor Unitário | E1: Quantidade Mensal Estimada | F1: Valor Mensal | G1: Quantidade Total Estimada | H1: Valor Total
A2: Extração Diária de dados CPF - MTB | B2: Diária | C2: Fixo | D2: 11806.3 | E2: 1 | F2: =E2*D2 -> 11806.3 | G2: 18 | H2: =G2*F2 -> 212513.4
A3: Extração Diária de dados CNPJ - MTB | B3: Diária | C3: Fixo | D3: 4184.53 | E3: 1 | F3: =E3*D3 -> 4184.53 | G3: 18 | H3: =G3*F3 -> 75321.54
A4: Extração Full de dados CPF - MPOG | B4: Por Demanda | C4: Fixo | D4: =ROUND(55000-(55000*4.2%),2) -> 52690 | E4: 0 | F4: =E4*D4 -> 0 | G4: 0 | H4: =G4*F4 -> 0
A5: Extração Full de dados CNPJ - MPOG | B5: Por Demanda | C5: Fixo | D5: =ROUND(45000-(45000*4.2%),2) -> 43110 | E5: 0 | F5: =E5*D5 -> 0 | G5: 0 | H5: =G5*F5 -> 0
A6: Extração e transporte de Dados Mensal - SFITWEB | B6: Mensal | C6: Fixo | D6: 4685.51 | E6: 1 | F6: =E6*D6 -> 4685.51 | G6: 12 | H6: =G6*F6 -> 56226.12
A7: Informações de Veículos Novos Emplacados (DENATRAN) | B7: Mensal | C7: Fixo | D7: 208.72 | E7: 1 | F7: =D7*E7 -> 208.72 | G7: 24 | H7: =ROUND((G7*F7),2) -> 5009.28
A8: INFOCONV - Entes Públicos - 1.999 consultas CPF-CNPJ-CND | B8: Mensal | C8: Nº de Consultas | D8: 552.61 | E8: 1 | F8: =D8*E8 -> 552.61 | G8: 24 | H8: =ROUND((G8*F8),2) -> 13262.64
A9: INFOCONV - Entes Públicos - faixa da 2.000 a 49.999 consulta CPF- CNPJ-CND | B9: Mensal | C9: Nº de Consultas | D9: 0.33 | E9: 48000 | F9: =D9*E9 -> 15840 | G9: 24 | H9: =ROUND((G9*F9),2) -> 380160
A10: INFOCONV - Entes Públicos - faixa da 50.000 a 99.999 consulta CPF- CNPJ-CND | B10: Mensal | C10: Nº de Consultas | D10: 0.22 | E10: 50000 | F10: =D10*E10 -> 11000 | G10: 24 | H10: =ROUND((G10*F10),2) -> 264000
A11: INFOCONV - Entes Públicos - faixa da 100.000 a 499.999 consulta CPF- CNPJ-CND | B11: Mensal | C11: Nº de Consultas | D11: 0.17 | E11: 400000 | F11: =D11*E11 -> 68000 | G11: 24 | H11: =ROUND((G11*F11),2) -> 1632000
A12: INFOCONV - Entes Públicos - faixa da 500.000 a 4.999.999 consulta CPF- CNPJ-CND | B12: Mensal | C12: Nº de Consultas | D12: 0.11 | E12: 1101264 | F12: =D12*E12 -> 121139.04 | G12: 24 | H12: =ROUND((G12*F12),2) -> 2907337
A13: INFOCONV - Entes Públicos - faixa da 5.000.000 a 9.999.999 consulta CPF- CNPJ-CND | B13: Mensal | C13: Nº de Consultas | D13: 0.06 | E13: 0 | F13: =D13*E13 -> 0 | G13: 24 | H13: =ROUND((G13*F13),2) -> 0
A14: INFOCONV - Entes Públicos - A partir da 10.000.000 consulta CPF- CNPJ-CND | B14: Mensal | C14: Nº de Consultas | D14: 0.02 | E14: 0 | F14: =D14*E14 -> 0 | G14: 24 | H14: =ROUND((G14*F14),2) -> 0
A15: INFOCONV - Emissão de CND | B15: Mensal | C15: Certificado Emitido | D15: 0.57 | E15: 450 | F15: =D15*E15 -> 256.5 | G15: 24 | H15: =ROUND((G15*F15),2) -> 6156
A16: Integração de Base de Dados - Demais Convênios | B16: Mensal | C16: UI | D16: 48005.84 | E16: 6 | F16: =D16*E16 -> 288035.04 | G16: 144 | H16: =D16*G16 -> 6912841
A17: Integração de Base de Dados - eSocial | B17: Mensal | C17: UI | D17: 53075.91 | E17: 5 | F17: =D17*E17 -> 265379.55 | G17: 120 | H17: =D17*G17 -> 6369109.2
A18: Unidade de Plataforma de Soluções Analíticas | B18: Mensal | C18: UPSA | D18: 197802.67 | E18: 1.8 | F18: =D18*E18 -> 356044.81 | G18: 44 | H18: =D18*G18 -> 8703317.5
A19: Ingestão dos dados do SFITWEB - Ingestão Diária | B19: Diário | C19: Gigabyte | D19: 115.28 | E19: 94.5 | F19: =D19*E19 -> 10893.96 | G19: =24*E19 -> 2268 | H19: =D19*G19 -> 261455.04
A20: Ingestão dos dados do SFITWEB - Ingestão Full | B20: Por demanda | C20: Gigabyte | D20: =ROUND(90.018533333,2) -> 90.02 | E20: 0 | F20: =D20*E20 -> 0 | G20: 0 | H20: =D20*G20 -> 0
A21: Ingestão dos dados do DET - Ingestão Diária | B21: Diário | C21: Gigabyte | D21: 76.54 | E21: 330.18 | F21: =D21*E21 -> 25271.977 | G21: =12*E21 -> 3962.16 | H21: =D21*G21 -> 303263.73
A22: Processamento/hospedagem - Ambiente Data Lake (UPSA) | B22: Mensal | C22: UPSA | D22: 115418.81 | E22: 1 | F22: =D22*E22 -> 115418.81 | G22: 24 | H22: =ROUND((G22*F22),2) -> 2770051.4
A23: Ambiente para soluções analíticas | B23: Mensal | C23: Fixo | D23: 271213.24 | E23: 1 | F23: =D23*E23 -> 271213.24 | G23: 24 | H23: =ROUND((G23*F23),2) -> 6509117.8
A24: Cruzamento e análise de informações (básica) – Mercado Público | B24: Mensal | C24: Fixo | D24: 27240 | E24: 1 | F24: =D24*E24 -> 27240 | G24: 24 | H24: =ROUND((G24*D24),2) -> 653760
A25: Painel – Visualizador – Faixa 5 – acima de 100 usuários – Mercado Público | B25: Mensal | C25: Usuários | D25: 343.85 | E25: 120 | F25: =D25*E25 -> 41262 | G25: 2880 | H25: =ROUND((G25*D25),2) -> 990288
A26: Painel – Desenvolvedor – Faixa 1 –de 0 a 10 usuários – Mercado Público | B26: Mensal | C26: Usuários | D26: 1362 | E26: 5 | F26: =D26*E26 -> 6810 | G26: 120 | H26: =ROUND((G26*D26),2) -> 163440
A27: Usuários Habilitados em Sistemas - Assinatura Básica | B27: Mensal | C27: Assinatura/Mês | D27: 660.12 | E27: 1 | F27: =D27*E27 -> 660.12 | G27: 24 | H27: =ROUND((G27*F27),2) -> 15842.88
A28: Usuários Habilitados em Sistemas - Usuários Adicionais | B28: Mensal | C28: Usuários Adicionais/Mês | D28: 19.38 | E28: 350 | F28: =D28*E28 -> 6783 | G28: 8400 | H28: =ROUND((G28*D28),2) -> 162792
A29: De 50.000 milheiros | B29: Mensal | C29: Fixo | D29: 13659.34 | E29: 0 | F29: =D29*E29 -> 0 | G29: 0 | H29: =ROUND((G29*D29),2) -> 0
A30: De 150.000 milheiros | B30: Mensal | C30: Fixo | D30: 32782.8 | E30: 0 | F30: =ROUND(E30*D30,2) -> 0 | G30: 0 | H30: =ROUND((G30*D30),2) -> 0
A31: De 500.000 milheiros | B31: Mensal | C31: Fixo | D31: 87421.13 | E31: 0 | F31: =ROUND(E31*D31,2) -> 0 | G31: 0 | H31: =ROUND((G31*D31),2) -> 0
A32: De 2.000.000 milheiros (volume solicitado 3450.000) | B32: Mensal | C32: Fixo | D32: 279747.25 | E32: 2 | F32: =D32*E32 -> 559494.5 | G32: 48 | H32: =ROUND((G32*D32),2) -> 13427868
A33: Milheros excedente | B33: Mensal | C33: Milheros Excedentes | D33: 0.24 | E33: 1 | F33: =ROUND(E33*D33,2) -> 0.24 | G33: 24 | H33: =ROUND((G33*D33),2) -> 5.76
A34: De 50.000 milheiros | B34: Mensal | C34: Fixo | D34: 17074.18 | E34: 0 | F34: =D34*E34 -> 0 | G34: 0 | H34: =ROUND((G34*F34),2) -> 0
A35: De 150.000 milheiros | B35: Mensal | C35: Fixo | D35: 40978.5 | E35: 1 | F35: =ROUND(E35*D35,2) -> 40978.5 | G35: 24 | H35: =ROUND((G35*F35),2) -> 983484
A36: De 500.000 milheiros (volume solicitado 650.000) | B36: Mensal | C36: Fixo | D36: 109276.42 | E36: 1 | F36: =ROUND(E36*D36,2) -> 109276.42 | G36: 24 | H36: =ROUND((G36*F36),2) -> 2622634.1
A37: De 2.000.000 milheiros | B37: Mensal | C37: Fixo | D37: 349684.06 | E37: 0 | F37: =D37*E37 -> 0 | G37: 0 | H37: =ROUND((G37*F37),2) -> 0
A38: Milheros excedente | B38: Mensal | C38: Milheros Excedentes | D38: 0.29 | E38: 1 | F38: =ROUND(E38*D38,2) -> 0.29 | G38: 24 | H38: =ROUND((G38*F38),2) -> 6.96
A39: LEXML – Integração do CARF com a base LEXML | B39: Mensal | C39: Fixo | D39: 11464.32 | E39: 1 | F39: =D39*E39 -> 11464.32 | G39: 24 | H39: =ROUND((G39*F39),2) -> 275143.68
A40: Painel - Comércio Exterior | B40: Mensal | C40: Fixo | D40: 45022.79 | E40: 1 | F40: =D40*E40 -> 45022.79 | G40: 24 | H40: =ROUND((G40*F40),2) -> 1080547
A41: Assinatura - CPF - Cadastro Compartilhado da Receita Federal | B41: Mensal | C41: Fixo | D41: 1430 | E41: 3 | F41: =D41*E41 -> 4290 | G41: 12 | H41: =ROUND((G41*F41),2) -> 51480
A42: Assinatura - CNPJ - Cadastro Compartilhado da Receita Federal | B42: Mensal | C42: Fixo | D42: 1430 | E42: 3 | F42: =D42*E42 -> 4290 | G42: 12 | H42: =ROUND((G42*F42),2) -> 51480
A43: Assinatura - CAEPF - Cadastro Compartilhado da Receita Federal | B43: Mensal | C43: Fixo | D43: 1430 | E43: 3 | F43: =D43*E43 -> 4290 | G43: 12 | H43: =ROUND((G43*F43),2) -> 51480
A44: Assinatura - CNO - Cadastro Compartilhado da Receita Federal | B44: Mensal | C44: Fixo | D44: 1430 | E44: 3 | F44: =D44*E44 -> 4290 | G44: 12 | H44: =ROUND((G44*F44),2) -> 51480
A45: Assinatura – DAU – Divida Ativa da União | B45: Mensal | C45: Fixo | D45: 1430 | E45: 2 | F45: =D45*E45 -> 2860 | G45: 12 | H45: =ROUND((G45*F45),2) -> 34320
A46: Implantação - Cadastro Compartilhado da Receita Federal - Por Peer contratado | B46: Mensal | C46: Fixo | D46: 11000 | E46: 1 | F46: =D46*E46 -> 11000 | G46: 3 | H46: =F46*G46 -> 33000
A48: Média | B48: =AVERAGE(D2:D46) -> 40842.758
A49: Desvio Padrão | B49: =_xlfn.STDEV.S(D2:D46) -> 80800.135
A50: Coeficiente de Variação | B50: =(B49/B48) -> 1.9783222 | C50: Coeficiente maior que 25%, amostra heterogênea
A51: Limite Superior | B51: =B48+B49 -> 121642.89
A52: Limite Inferior | B52: =B49-B48 -> 39957.377
A54: Média após o primeiro saneamento | B54: =AVERAGE(D4,D5,D16,D17,D22,D31,D35,D36,D40) -> 66111.044
A55: Desvio Padrão | B55: =_xlfn.STDEV.S(D4,D5,D16,D17,D22,D31,D35,D36,D40) -> 29647.66
A56: Coeficiente de Variação | B56: =(B55/B54) -> 0.44845246 | C56: Coeficiente maior que 25%, amostra heterogênea
A57: Limite Superior | B57: =B54+B55 -> 95758.705
A58: Limite Inferior | B58: =B54-B55 -> 36463.384
A60: Média após o segundo saneamento | B60: =AVERAGE(D5,D16,D17,D31,D35,D4) -> 54213.563
A61: Desvio Padrão | B61: =_xlfn.STDEV.S(D5,D16,D17,D31,D35,D4) -> 16990.29
A62: Coeficiente de Variação | B62: =(B61/B60) -> 0.31339557 | C62: Coeficiente maior que 25%, amostra heterogênea
A63: Limite Superior | B63: =B60+B61 -> 71203.854
A64: Limite Inferior | B64: =B60-B61 -> 37223.273
A66: Média após o segundo saneamento | B66: =AVERAGE(D4,D5,D16,D17,D35,D40) -> 47147.173
A67: Desvio Padrão | B67: =_xlfn.STDEV.S(D4,D5,D16,D17,D35,D40) -> 5009.4802
A68: Coeficiente de Variação | B68: =(B67/B66) -> 0.10625197 | C68: Coeficiente menor que 25%, amostra homogênea
A69: Limite Superior | B69: =B66+B67 -> 52156.654
A70: Limite Inferior | B70: =B66-B67 -> 42137.693
A72: Descrição | B72: Custo Unitário Média
A73: Serviços de Informação | B73: =B66 -> 47147.173

Sheet Serv. Intraestrut CT 65-202
A1: Descrição | B1: Periodicidade | C1: Unidade de Medida | D1: Valor Unitário | E1: Quantidade Mensal Estimada | F1: Valor Mensal | G1: Quantidade Total Estimada | H1: Valor Total
A2: Acesso Remoto - VPN | B2: Mensal | C2: Assinatura/Mês | D2: 39.85 | E2: 505 | F2: =D2*E2 -> 20124.25 | G2: 12120 | H2: =G2*D2 -> 482982
A3: Gerenciamento de Redes de Longa Distância – BackBone | B3: Mensal | C3: BackBone | D3: 186394.9 | E3: 1 | F3: =E3*D3 -> 186394.9 | G3: 24 | H3: =ROUND((G3*F3),2) -> 4473477.6
A4: Serviço de interconexão dos pontos de acesso | B4: Mensal | C4: Ponto de Acesso | D4: 1 | E4: 110611.1 | F4: =E4*D4 -> 110611.1 | G4: =24*E4 -> 2654666.4 | H4: =ROUND((G4*D4),2) -> 2654666.4
A5: Gerenciamento de Redes de Longa Distância – BackBone (DF) | B5: Mensal | C5: BackBone | D5: 229.22 | E5: 1 | F5: =D5*E5 -> 229.22 | G5: 24 | H5: =ROUND((G5*D5),2) -> 5501.28
A6: Serviço de Atendimento Presencial a ambientes Lan (DF) | B6: Mensal | C6: UAT | D6: 235.17 | E6: 400 | F6: =D6*E6 -> 94068 | G6: 9600 | H6: =ROUND((G6*D6),2) -> 2257632
A7: Serviço de Atendimento Remoto a Ambientes de Rede Local (DF) | B7: Mensal | C7: Ponto de Rede | D7: 217.92 | E7: 600 | F7: =D7*E7 -> 130752 | G7: 14400 | H7: =ROUND((G7*D7),2) -> 3138048
A8: Administração de Serviços de Rede Local | B8: Mensal | C8: Usuário de Rede | D8: 94.71 | E8: 2000 | F8: =D8*E8 -> 189420 | G8: =24*E8 -> 48000 | H8: =ROUND((G8*D8),2) -> 4546080
A9: Administração de Serviços de Rede Local (DF) | B9: Mensal | C9: Usuário de Rede | D9: 89.76 | E9: 1200 | F9: =D9*E9 -> 107712 | G9: =24*E9 -> 28800 | H9: =ROUND((G9*D9),2) -> 2585088
A10: Serviço de Atendimento Presencial a ambientes Lan | B10: Mensal | C10: UAT | D10: 248.1 | E10: 900 | F10: =D10*E10 -> 223290 | G10: 21600 | H10: =ROUND((G10*D10),2) -> 5358960
A11: Servidor de Rede Local - Ministério da Economia | B11: Mensal | C11: Fixo | D11: 18493.08 | E11: 1 | F11: =E11*D11 -> 18493.08 | G11: 24 | H11: =ROUND((G11*D11),2) -> 443833.92
A12: Servidor de Rede Local - CARF | B12: Mensal | C12: Fixo | D12: 9775.33 | E12: 1 | F12: =E12*D12 -> 9775.33 | G12: 24 | H12: =ROUND((G12*D12),2) -> 234607.92
A13: Certificado Digital - Equipamento A1 (1 ano)* | B13: Mensal | C13: Certificado Emitido | D13: 1138.63 | E13: 13 | F13: =E13*D13 -> 14802.19 | G13: 312 | H13: =ROUND((G13*D13),2) -> 355252.56
A14: Certificado Digital - Equipamento A1 Multidomínio (1 ano)* | B14: Mensal | C14: Certificado Emitido | D14: 2860.2 | E14: 1 | F14: =E14*D14 -> 2860.2 | G14: 24 | H14: =ROUND((G14*D14),2) -> 68644.8
A15: Certificado Digital - PF A3 (3 anos)* | B15: Mensal | C15: Certificado Emitido | D15: 187.04 | E15: 434 | F15: =E15*D15 -> 81175.36 | G15: 10416 | H15: =ROUND((G15*D15),2) -> 1948208.6
A16: Certificado Digital - PF A3 (3 anos) com token | B16: Mensal | C16: Certificado Emitido | D16: 232.45 | E16: 45 | F16: =E16*D16 -> 10460.25 | G16: 1080 | H16: =ROUND((G16*D16),2) -> 251046
A17: Certificado Digital - PF A3 (3 anos) - Renovação | B17: Mensal | C17: Certificado Emitido | D17: 145.28 | E17: 50 | F17: =E17*D17 -> 7264 | G17: 1200 | H17: =ROUND((G17*D17),2) -> 174336
A18: Certificado Digital - PJ A1 (1 ano)* | B18: Mensal | C18: Certificado Emitido | D18: 197.94 | E18: 1 | F18: =E18*D18 -> 197.94 | G18: 24 | H18: =ROUND((G18*D18),2) -> 4750.56
A19: Certificado Digital - PJ A3 (3 anos)* | B19: Mensal | C19: Certificado Emitido | D19: 274.22 | E19: 3 | F19: =E19*D19 -> 822.66 | G19: 72 | H19: =ROUND((G19*D19),2) -> 19743.84
A20: Certificado Digital - PJ A3 (3 anos) com token | B20: Mensal | C20: Certificado Emitido | D20: 319.62 | E20: 2 | F20: =E20*D20 -> 639.24 | G20: 48 | H20: =ROUND((G20*D20),2) -> 15341.76
A21: Certificação Digital - SIGEPE PF A3 (3 anos)* | B21: Mensal | C21: Certificado Emitido | D21: 33.6 | E21: 334 | F21: =E21*D21 -> 11222.4 | G21: 8016 | H21: =ROUND((G21*D21),2) -> 269337.6
A22: Certificado A3 – Pessoa Física 3 anos (emissão SIGEPE sem mídia - NEOID)* | B22: Mensal | C22: Certificado Emitido | D22: 72.55 | E22: 334 | F22: =E22*D22 -> 24231.7 | G22: 8016 | H22: =ROUND((G22*D22),2) -> 581560.8
... A32: INFOVIA - Porta Adicional | B32: Mensal | C32: Ponto de Rede/Mês | D32: 890.71 | E32: 16 | F32: =E32*D32 -> 14251.36 | G32: 384 | H32: =ROUND((G32*D32),2) -> 342032.64
A33: INFOVIA - Adaptação Ótica | B33: Mensal | C33: Valor Unitário | D33: 3896.86 | E33: 0 | F33: =E33*D33 -> 0 | H33: =ROUND((G33*D33),2) -> 0
A34: INFOVIA - Alocação Adicional de Endereçamento IP | B34: Mensal | C34: Valor/Mês | D34: 22.26 | E34: 100 | F34: =E34*D34 -> 2226 | G34: 2400 | H34: =ROUND((G34*D34),2) -> 53424
A35: INFOVIA - Serviço de Videoconferência multiponto | B35: Mensal | C35: Valor/Mês | D35: 1113.39 | E35: 5 | F35: =E35*D35 -> 5566.95 | G35: 120 | H35: =ROUND((G35*D35),2) -> 133606.8
A36: INFOVIA - Serviço adicional de Conexão à Internet - Pacote de 1000 Mbps | B36: Mensal | C36: Mbps/mês | D36: 31780 | E36: 1 | F36: =E36*D36 -> 31780 | G36: 24 | H36: =ROUND((G36*D36),2) -> 762720
A37: INFOVIA - Serviço adicional de Conexão à Internet - Pacote de 100 Mbps | B37: Mensal | C37: Mbps/mês | D37: 6810 | E37: 4 | F37: =E37*D37 -> 27240 | G37: 96 | H37: =ROUND((G37*D37),2) -> 653760
A38: INFOVIA - Serviço adicional de Conexão à Internet - Pacote de 200 Mbps | B38: Mensal | C38: Mbps/mês | D38: 0 | E38: 0 | F38: =E38*D38 -> 0 | G38: 0 | H38: =ROUND((G38*D38),2) -> 0
A39: INFOVIA - Serviço adicional de Conexão à Internet - Pacote de 300 Mbps | B39: Mensal | C39: Mbps/mês | D39: 0 | E39: 0 | F39: =E39*D39 -> 0 | G39: 0 | H39: =ROUND((G39*D39),2) -> 0
A40: INFOVIA - Serviço adicional de Conexão à Internet - Pacote de 400 Mbps | B40: Mensal | C40: Mbps/mês | D40: 0 | E40: 0 | F40: =E40*D40 -> 0 | G40: 0 | H40: =ROUND((G40*D40),2) -> 0
A41: INFOVIA - Serviço adicional de Conexão à Internet - Pacote de 500 Mbps | B41: Mensal | C41: Mbps/mês | D41: 21792 | E41: 1 | F41: =E41*D41 -> 21792 | G41: 24 | H41: =ROUND((G41*D41),2) -> 523008
A42: INFOVIA - Serviço adicional de Conexão à Internet - Pacote de 600 Mbps | B42: Mensal | C42: Mbps/mês | D42: 0 | E42: 0 | F42: =E42*D42 -> 0 | G42: 0 | H42: =ROUND((G42*D42),2) -> 0
A43: INFOVIA - Serviço adicional de Conexão à Internet - Pacote de 700 Mbps | B43: Mensal | C43: Mbps/mês | D43: 0 | E43: 0 | F43: =E43*D43 -> 0 | G43: 0 | H43: =ROUND((G43*D43),2) -> 0
A44: INFOVIA - Serviço adicional de Conexão à Internet - Pacote de 800 Mbps | B44: Mensal | C44: Mbps/mês | D44: 29056 | E44: 1 | F44: =E44*D44 -> 29056 | G44: 24 | H44: =ROUND((G44*D44),2) -> 697344
A45: INFOVIA - Serviço adicional de Conexão à Internet - Pacote de 900 Mbps | B45: Mensal | C45: Mbps/mês | D45: 0 | E45: 0 | F45: =E45*D45 -> 0 | G45: 0 | H45: =ROUND((G45*D45),2) -> 0
... A55: INFOVIA - Serviço adicional de Conexão à Internet - Excedente de Pacote de 900 Mbps | B55: Mensal | C55: Mbps/mês | D55: 0 | E55: 0 | F55: =E55*D55 -> 0 | G55: 0 | H55: =ROUND((G55*D55),2) -> 0
A56: Rede Metropolitana de Porto Alegre | B56: Mensal | C56: Conexão Básica | D56: 9669.66 | E56: 1 | F56: =D56*E56 -> 9669.66 | G56: 24 | H56: =ROUND((G56*F56),2) -> 232071.84
A57: Firewall - Proteção Exclusiva | B57: Mensal | C57: Valor Unitário | D57: 13762.64 | E57: 4 | F57: =D57*E57 -> 55050.56 | G57: 96 | H57: =ROUND((G57*D57),2) -> 1321213.4
A58: IPS - Proteção Exclusiva | B58: Mensal | C58: Valor Unitário | D58: 10755.38 | E58: 1 | F58: =D58*E58 -> 10755.38 | G58: 24 | H58: =ROUND((G58*D58),2) -> 258129.12
A59: AntiDDoS - Proteção URL | B59: Mensal | C59: Valor Unitário | D59: 15554.22 | E59: 1 | F59: =D59*E59 -> 15554.22 | G59: 24 | H59: =ROUND((G59*D59),2) -> 373301.28
A60: AntiDDoS - URL Adicional | B60: Mensal | C60: Valor Unitário | D60: 8088.2 | E60: 2 | F60: =D60*E60 -> 16176.4 | G60: 48 | H60: =ROUND((G60*D60),2) -> 388233.6
A61: Filtro de Conteúdo - Proteção Exclusiva | B61: Mensal | C61: Usuário | D61: 12.29 | E61: 9000 | F61: =D61*E61 -> 110610 | G61: 216000 | H61: =ROUND((G61*D61),2) -> 2654640
B62: Mensal | C62: CSB | D62: 1.61 | E62: 160000 | F62: =E62*D62 -> 257600 | G62: =E62*24 -> 3840000 | H62: =ROUND(D62*G62,2) -> 6182400
B63: Mensal | C63: Hora de Consultoria | D63: 1177.68 | E63: 25 | F63: =D63*E63 -> 29442 | G63: =E63*12 -> 300 | H63: =ROUND(D63*G63,2) -> 353304
A64: Serpro MultiCloud - CSM - Básico - Projeto gerenciado | B64: Mensal | C64: Unidade | D64: 4537.28 | E64: 0 | F64: =D64*E64 -> 0 | G64: 0 | H64: =ROUND(D64*G64,2) -> 0
A65: Serpro MultiCloud - CSM - Básico - Esforço de Gerenciamento - a partir de 30.000 (vol CSM) | B65: Mensal | C65: SCM | D65: 0.22 | E65: 0 | F65: =D65*E65 -> 0 | G65: 0 | H65: =ROUND(D65*G65,2) -> 0
A66: Serpro MultiCloud - CSM - Intermediário - Projeto Gerenciado | B66: Mensal | C66: Unidade | D66: 9080 | E66: 0 | F66: =D66*E66 -> 0 | G66: 0 | H66: =ROUND(D66*G66,2) -> 0
A67: Serpro MultiCloud - CSM - Intermediário - Esforço de Gerenciamento - de 30.000 até 200.000 (vol CSM) | B67: Mensal | C67: SCM | D67: 0.45 | E67: 0 | F67: =D67*E67 -> 0 | G67: 0 | H67: =ROUND(D67*G67,2) -> 0
A68: Serpro MultiCloud - CSM - Intermediário - Esforço de Gerenciamento - de 200.001 até 500.000 (vol CSM) | B68: Mensal | C68: SCM | D68: 0.41 | E68: 225000 | F68: =D68*E68 -> 92250 | G68: =12*E68 -> 2700000 | H68: =ROUND(D68*G68,2) -> 1107000
A69: Serpro MultiCloud - CSM - Intermediário - Esforço de Gerenciamento - de 500.001 até 1.000.000 (vol CSM) | B69: Mensal | C69: SCM | D69: 0.36 | E69: 0 | F69: =D69*E69 -> 0 | G69: 0 | H69: =ROUND(D69*G69,2) -> 0
A70: Serpro MultiCloud - CSM - Intermediário - Esforço de Gerenciamento – a partir de 1.000.001 (vol CSM) | B70: Mensal | C70: SCM | D70: 0.3 | E70: 0 | F70: =D70*E70 -> 0 | G70: 0 | H70: =ROUND(D70*G70,2) -> 0
A71: Serpro MultiCloud - CSM - Avançado - Projeto Gerenciado | B71: Mensal | C71: Unidade | D71: 22700 | E71: 0 | F71: =D71*E71 -> 0 | G71: 0 | H71: =ROUND(D71*G71,2) -> 0
A72: Serpro MultiCloud - CSM - Avançado - Esforço de Gerenciamento - de 40.000 até 500.000 (vol CSM) | B72: Mensal | C72: SCM | D72: 0.63 | E72: 0 | F72: =D72*E72 -> 0 | G72: 0 | H72: =ROUND(D72*G72,2) -> 0
A73: Serpro MultiCloud - CSM - Avançado - Esforço de Gerenciamento - de 500.001 até 1.000.000 (vol CSM) | B73: Mensal | C73: SCM | D73: 0.54 | E73: 0 | F73: =D73*E73 -> 0 | G73: 0 | H73: =ROUND(D73*G73,2) -> 0
A74: Serpro MultiCloud - CSM - Avançado - Esforço de Gerenciamento - de 1.000.001 até 2.000.000 (vol CSM) | B74: Mensal | C74: SCM | D74: 0.45 | E74: 0 | F74: =D74*E74 -> 0 | G74: 0 | H74: =ROUND(D74*G74,2) -> 0
A75: Serpro MultiCloud - CSM - Avançado - Esforço de Gerenciamento - de 2.000.001 até 3.000.000 (vol CSM) | B75: Mensal | C75: SCM | D75: 0.36 | E75: 0 | F75: =D75*E75 -> 0 | G75: 0 | H75: =ROUND(D75*G75,2) -> 0
A76: Serpro MultiCloud - CSM - Avançado - Esforço de Gerenciamento - de 3.000.001 até 4.000.000 (vol CSM) | B76: Mensal | C76: SCM | D76: 0.29 | E76: 0 | F76: =D76*E76 -> 0 | G76: 0 | H76: =ROUND(D76*G76,2) -> 0
A77: Serpro MultiCloud - CSM - Avançado - Esforço de Gerenciamento – a partir de 4.000.001 (vol CSM) | B77: Mensal | C77: SCM | D77: 0.24 | E77: 0 | F77: =D77*E77 -> 0 | G77: 0 | H77: =ROUND(D77*G77,2) -> 0
A78: Processamento de Dados/SERPRO Drive (1GB) | B78: Mensal | C78: Conta Usuário | D78: 3.08 | E78: 5000 | F78: =D78*E78 -> 15400 | G78: 120000 | H78: =ROUND(D78*G78,2) -> 369600
A79: Processamento de Dados/Armazenamento Adicional | B79: Mensal | C79: GigaByte | D79: 2.26 | E79: 5000 | F79: =D79*E79 -> 11300 | G79: 120000 | H79: =ROUND(D79*G79,2) -> 271200
A80: Videoconferência | B80: Mensal | C80: Ponto/Hora | D80: 23.17 | E80: 350 | F80: =D80*E80 -> 8109.5 | G80: 8400 | H80: =ROUND(D80*G80,2) -> 194628
A81: SERPROMail - Administração Delegada | B81: Mensal | C81: Por Caixa | D81: 0 | E81: 0 | F81: =ROUND(E81*D81,2) -> 0 | G81: 0 | H81: =ROUND(D81*G81,2) -> 0
A82: SERPROMail - Caixa Básica (1 GB) | B82: Mensal | C82: Por Caixa | D82: 0 | E82: 0 | F82: =ROUND(E82*D82,2) -> 0 | G82: 0 | H82: =ROUND(D82*G82,2) -> 0
A83: SERPROMail - Caixa Intermediária (2 GB) | B83: Mensal | C83: Por Caixa | D83: 8.17 | E83: =7200/12 -> 600 | F83: =D83*E83 -> 4902 | G83: 14400 | H83: =ROUND(D83*G83,2) -> 117648
A84: SERPROMail - Caixa Avançada (5 GB) | B84: Mensal | C84: Por Caixa | D84: 0 | E84: 0 | F84: =ROUND(E84*D84,2) -> 0 | G84: 0 | H84: =ROUND(D84*G84,2) -> 0
A85: SERPROMail - Armazenamento Adicional | B85: Mensal | C85: Gigabyte | D85: 2.17 | E85: =25200/12 -> 2100 | F85: =D85*E85 -> 4557 | G85: 50400 | H85: =ROUND(D85*G85,2) -> 109368
A86: SERPROMail - Guarda por Tempo | B86: Mensal | C86: Gigabyte | D86: 0 | E86: 0 | F86: =ROUND(E86*D86,2) -> 0 | G86: 0 | H86: =ROUND(D86*G86,2) -> 0
A87: SERPROMail - Talk | B87: Mensal | C87: Por Caixa | D87: 0 | E87: 0 | F87: =ROUND(E87*D87,2) -> 0 | G87: 0 | H87: =ROUND(D87*G87,2) -> 0
A88: Wan+ Assinatura Básica | B88: Mensal | C88: Assinatura Básica até 200 pontos | D88: 27002.22 | E88: 1 | F88: =ROUND(E88*D88,2) -> 27002.22 | G88: =12*E88 -> 12 | H88: =ROUND(D88*G88,2) -> 324026.64
A89: Wan+ Conexão Avançada | B89: Mensal | C89: Ponto de Rede | D89: 2297.12 | E89: 65 | F89: =ROUND(E89*D89,2) -> 149312.8 | G89: =12*E89 -> 780 | H89: =ROUND(D89*G89,2) -> 1791753.6
A90: Circuito de Última Milha Banda Larga | B90: Mensal | C90: Ponto de Acesso | D90: 1 | E90: 28428 | F90: =D90*E90 -> 28428 | G90: =12*E90 -> 341136 | H90: =ROUND(D90*G90,2) -> 341136
A92: Média | B92: =AVERAGE(D2:D37,D41,D44,D56:D80,D83,D85,D88:D90) -> 7116.2834
A93: Desvio Padrão | B93: =_xlfn.STDEV.S(D2:D37,D41,D44,D56:D80,D83,D85,D88:D90) -> 23370.727
A94: Coeficiente de Variação | B94: =(B93/B92) -> 3.2841197 | C94: Coeficiente maior que 25%, amostra heterogênea
A95: Limite Superior | B95: =B92+B93 -> 30487.01
A96: Limite Inferior | B96: =B93-B92 -> 16254.443
A98: Média após o primeiro saneamento | B98: =AVERAGE(D11,D41,D44,D71,D88) -> 23808.66
A99: Desvio Padrão | B99: =_xlfn.STDEV.S(D11,D41,D44,D71,D88) -> 4221.5174
A100: Coeficiente de Variação | B100: =(B99/B98) -> 0.17731017 | C100: Coeficiente maior que 25%, amostra heterogênea
A101: Limite Superior | B101: -
A102: Limite Inferior | B102: -
A105: Descrição | B105: Custo Unitário Média
A106: Serviços de Infraestrutura | B106: =B98 -> 23808.66

Sheet Outros Serviços CT 65-202
A1: Descrição | B1: Periodicidade | C1: Unidade de Medida | D1: Valor Unitário | E1: Quantidade Mensal Estimada | F1: Valor Mensal | G1: Quantidade Total Estimada | H1: Valor Total
A2: Serviços Especiais | B2: Mensal | C2: Fixo (PTA) | D2: 966344.47 | E2: 1 | F2: =D2*E2 -> 966344.47 | G2: 24 | H2: =F2*G2 -> 23192267
A3: Atendimento - Sistema Rais - 1 Nível – Acionamento | B3: Mensal | C3: Acionamentos/Mês | D3: 14.45 | E3: 16360 | F3: =D3*E3 -> 236402 | G3: 392640 | H3: =G3*D3 -> 5673648
A4: Impressão Eletrônica SIAPA | B4: Mensal | C4: Milheros de Folhas | D4: 162.48 | E4: 12 | F4: =D4*E4 -> 1949.76 | G4: =24*E4 -> 288 | H4: =G4*D4 -> 46794.24
A5: Franquia Mensal ( de 0 a 999) | B5: Mensal | C5: Fixo | D5: 697.24 | E5: 1 | F5: =D5*E5 -> 697.24 | G5: =E5*24 -> 24 | H5: =ROUND((G5*D5),2) -> 16733.76
A6: De 1.000 a 9.999 Consultas | B6: Mensal | C6: Unidade | D6: 0.72 | E6: 9000 | F6: =D6*E6 -> 6480 | G6: =E6*24 -> 216000 | H6: =ROUND((G6*D6),2) -> 155520
A7: De 10.000 a 49.999 Consultas | B7: Mensal | C7: Unidade | D7: 0.42 | E7: 31899.938 | F7: =D7*E7 -> 13397.974 | G7: =E7*24 -> 765598.51 | H7: =ROUND((G7*D7),2) -> 321551.38
A8: De 50.000 a 99.999 Consultas | B8: Mensal | C8: Unidade | D8: 0.27 | E8: 0 | F8: =D8*E8 -> 0 | G8: =E8*24 -> 0 | H8: =ROUND((G8*D8),2) -> 0
A9: De 100.000 a 499.999 Consultas | B9: Mensal | C9: Unidade | D9: 0.21 | E9: 0 | F9: =D9*E9 -> 0 | G9: =E9*24 -> 0 | H9: =ROUND((G9*D9),2) -> 0
A10: De 500.000 a 1.499.999 Consultas | B10: Mensal | C10: Unidade | D10: 0.14 | E10: 0 | F10: =D10*E10 -> 0 | G10: =E10*24 -> 0 | H10: =ROUND((G10*D10),2) -> 0
A11: De 1.500.000 a 4.499.999 Consultas | B11: Mensal | C11: Unidade | D11: 0.03 | E11: 0 | F11: =D11*E12 -> 0 | G11: =E11*24 -> 0 | H11: =ROUND((G11*D11),2) -> 0
A12: De 4.500.000 a 13.499.999 Consultas | B12: Mensal | C12: Unidade | D12: 0.02 | E12: 0 | F12: =D12*E12 -> 0 | G12: =E12*24 -> 0 | H12: =ROUND((G12*D12),2) -> 0
A13: Acima de 13.500.000 | B13: Mensal | C13: Unidade | D13: 0.01 | E13: 0 | F13: =D13*E13 -> 0 | G13: =E13*24 -> 0 | H13: =ROUND((G13*D13),2) -> 0
A14: PCDP – Processada (Franquia - De 0 a 10.000) | B14: Mensal | C14: Fixo | D14: 27999.16 | E14: 1 | F14: =D14*E14 -> 27999.16 | G14: =24*E14 -> 24 | H14: =G14*D14 -> 671979.84
A15: De 10.001 a 20.000 | B15: Mensal | C15: Unidade | D15: 2.94 | E15: 9733 | F15: =D15*E15 -> 28615.02 | G15: =24*E15 -> 233592 | H15: =G15*D15 -> 686760.48
A16: De 20.001 a 30.000 | B16: Mensal | C16: Unidade | D16: 2.8 | E16: 0 | F16: =D16*E16 -> 0 | G16: =24*E16 -> 0 | H16: =ROUND((G16*D16),2) -> 0
A17: De 30.001 a 40.000 | B17: Mensal | C17: Unidade | D17: 2.66 | E17: 0 | F17: =D17*E17 -> 0 | G17: =24*E17 -> 0 | H17: =ROUND((G17*D17),2) -> 0
A18: Acima de 40.001 | B18: Mensal | C18: Unidade | D18: 2.53 | E18: 0 | F18: =D18*E18 -> 0 | G18: =24*E18 -> 0 | H18: =ROUND((G18*D18),2) -> 0
A19: SerproBot Franquia até 5000 conversas | B19: Mensal | C19: Fixo | D19: 4997 | E19: 1 | F19: =D19*E19 -> 4997 | G19: =12*E19 -> 12 | H19: =G19*D19 -> 59964
A20: Faixa 1 (5.001 a 15.000) | B20: Mensal | C20: Unidade | D20: 0.7394 | E20: 0 | F20: =D20*E20 -> 0 | G20: =12*E20 -> 0 | H20: =ROUND((G20*D20),2) -> 0
A21: Faixa 2 (15.001 a 50.000) | B21: Mensal | C21: Unidade | D21: 0.5993 | E21: 0 | F21: =D21*E21 -> 0 | G21: =12*E21 -> 0 | H21: =ROUND((G21*D21),2) -> 0
A22: Faixa 3 (50.001 a 150.000) | B22: Mensal | C22: Unidade | D22: 0.49 | E22: 0 | F22: =D22*E22 -> 0 | G22: =12*E22 -> 0 | H22: =ROUND((G22*D22),2) -> 0
A23: Faixa 4 (150.001 a 500.000) | B23: Mensal | C23: Unidade | D23: 0.3998 | E23: 0 | F23: =D23*E23 -> 0 | G23: =12*E23 -> 0 | H23: =ROUND((G23*D23),2) -> 0
A24: Faixa 5 (500.001 a 1.000.000) | B24: Mensal | C24: Unidade | D24: 0.255 | E24: 664200 | F24: =D24*E24 -> 169371 | G24: =12*E24 -> 7970400 | H24: =G24*D24 -> 2032452
A25: Faixa 6 (acima de 1.000.0001) | B25: Mensal | C25: Unidade | D25: 0.2 | E25: 0 | F25: =D25*E25 -> 0 | G25: =12*E25 -> 0 | H25: =ROUND((G25*D25),2) -> 0
A26: Conversas via Whatsapp iniciadas pelo usuário | B26: Mensal | C26: Unidade | D26: 0.34 | E26: 248200 | F26: =D26*E26 -> 84388 | G26: =12*E26 -> 2978400 | H26: =(G26*D26) -> 1012656
A27: Conversas via Whatsapp iniciadas pelo órgão | B27: Mensal | C27: Unidade | D27: 0.54 | E27: 0 | F27: =D27*E27 -> 0 | G27: =12*E27 -> 0 | H27: =ROUND((G27*D27),2) -> 0
A30: Média | B30: =AVERAGE(D2:D27) -> 38470.427
A31: Desvio Padrão | B31: =STDEVA(D2:D27) -> 189330.58
A32: Coeficiente de Variação | B32: =(B31/B30) -> 4.9214578 | C32: Limite superior e inferior inexistentes
A33: Limite Superior | B33: =B30+B31 -> 227801.01
A34: Limite Inferior | B34: =B31-B30 -> 150860.16
A38: Descrição | B38: Custo Unitário Média
A39: Serviços de Consultoria | B39: =SUM(H2:H27)/26 -> 1302704.9
A40: Como a média saneada não foi possível obter, pela amostra, foi usada a média simples do total contratado pelo quantitativo de serviços (26 no caso)
